[Event "Titled Tuesday Blitz June 1 2021"]
[White "Colas, Joshua"]
[Black "Nygren, Kim"]
[WhiteFideId "2044447"]
[BlackFideId "1706136"]
[WhiteElo "2347"]
[BlackElo "2257"]
[Result "1/2-1/2"]
[Round "02"]
[TimeControl "180+1"]
[Date "2021.06.01"]
[WhiteClock "0:00:09"]
[BlackClock "0:00:02"]

1. d4 Nf6 2. Nf3 g6 3. e3 Bg7 4. b3 a5 5. a3 O-O 6. Bb2 d6 7. Nbd2 Bf5 8. Be2 Ne4 9. Nxe4 Bxe4 10. O-O Nd7 11. Ng5 Bc6 12. Rb1 d5 13. c4 e6 14. f4 Nf6 15. Bd3 h6 16. Nf3 Ne4 17. Bxe4 dxe4 18. Ne5 Bxe5 19. fxe5 Qg5 20. Rf4 Rad8 21. Bc3 f6 22. exf6 e5 23. h4 Qg3 24. Rg4 Qxe3+ 25. Kh2 Rxf6 26. Rg3 Qf4 27. d5 Qxh4+ 28. Rh3 Qf4+ 29. Kh1 Bd7 30. Bd2 Qg4 31. Qxg4 Bxg4 32. Rxh6 Rdf8 33. Kg1 Bh5 34. Bxa5 Kg7 35. Bd2 Rf2 36. Bg5 R8f5 37. Rxh5 gxh5 38. Bd8 e3 39. Re1 e2 40. Kh2 e4 41. Bxc7 Rg5 42. Bg3 e3 43. Kh3 Rg6 44. d6 h4 45. Bxh4 Rgxg2 46. d7 Rh2+ 47. Kg3 Rhg2+ 48. Kh3 Rh2+ 49. Kg4 Rhg2+ 50. Bg3 Rf8 51. Kh3 Rgf2 52. Bc7 R2f3+ 53. Kg4 Rf1 54. Rxe2 Rg1+ 55. Bg3 Rd8 56. Rxe3 Rxd7 57. c5 Kg6 58. b4 Rf7 59. b5 Rb1 60. a4 Rb4+ 61. Kh3 Rxa4 62. c6 bxc6 63. bxc6 Rc4 64. Re6+ Kf5 65. Rh6 Rc3 66. Rh5+ Ke4 67. Rh4+ Kf3 68. c7 Rg7 69. Rf4+ Ke2 70. Re4+ Kd1 71. Rd4+ Kc2 72. Rg4 Rxg4 73. Kxg4 Rxc7 74. Bxc7 1/2-1/2


[Site "https://www.chess.com"]

[Event "Titled Tuesday Blitz June 1 2021"]
[White "Cunjalo, Faris"]
[Black "Zufic, Miroslav"]
[WhiteFideId "14410710"]
[BlackFideId "14506157"]
[WhiteElo "2234"]
[BlackElo "2362"]
[Result "1-0"]
[Round "02"]
[TimeControl "180+1"]
[Date "2021.06.01"]
[WhiteClock "0:01:23"]
[BlackClock "0:01:23"]

1. d4 Nf6 2. c4 g6 3. Nc3 Bg7 4. e4 d6 5. Be2 O-O 6. Bg5 Na6 7. Nf3 e5 8. d5 h6 9. Bh4 Qe8 10. Nd2 Nh7 11. Rb1 f5 12. f3 h5 13. b4 Bh6 14. Bf2 Qe7 15. c5 Qg5 16. h4 Qe7 17. Nc4 dxc5 18. b5 Nb8 19. d6 cxd6 20. Qxd6 Qxd6 21. Nxd6 b6 22. Bc4+ Kg7 23. Bd5 1-0


[Site "https://www.chess.com"]

[Event "Titled Tuesday Blitz June 1 2021"]
[White "Dang, Hoang Son"]
[Black "Arias, Juan Cruz"]
[WhiteFideId "12402435"]
[BlackFideId "118540"]
[WhiteElo "2248"]
[BlackElo "2083"]
[Result "1-0"]
[Round "02"]
[TimeControl "180+1"]
[Date "2021.06.01"]
[WhiteClock "0:00:22"]
[BlackClock "0:00:11"]

1. d4 Nf6 2. c4 e6 3. Nf3 Bb4+ 4. Bd2 Qe7 5. g3 Nc6 6. Bg2 Bxd2+ 7. Qxd2 d6 8. O-O O-O 9. Nc3 e5 10. e4 Bg4 11. dxe5 dxe5 12. Nd5 Nxd5 13. exd5 Bxf3 14. Bxf3 Nd4 15. Bg2 Rfe8 16. Kh1 Qc5 17. Rac1 a5 18. b3 Rad8 19. f4 e4 20. Rce1 f5 21. g4 g6 22. Re3 fxg4 23. Rxe4 Nf5 24. Rfe1 Rxe4 25. Bxe4 Re8 26. Bxf5 Rxe1+ 27. Qxe1 gxf5 28. Qe6+ Kg7 29. Qxf5 Qf2 30. Qxg4+ Kf8 31. Qf5+ Kg7 32. Qe5+ Kf8 33. Qh8+ Ke7 34. Qxh7+ Kd6 35. Qg6+ Kd7 36. Qg4+ Kd8 37. Qg5+ Kd7 38. h4 Qf1+ 39. Kh2 Qf2+ 40. Kh3 Qf1+ 41. Kg4 Qe2+ 42. Kf5 Qxa2 43. Qg7+ Kd8 44. Qf8+ Kd7 45. Qf7+ Kd8 46. Qf6+ Kd7 47. Qe6+ Kd8 48. Kf6 b6 49. d6 cxd6 50. Qxd6+ Kc8 51. Qc6+ Kb8 52. Qxb6+ Ka8 53. Qc6+ Kb8 54. Qb5+ Ka8 55. h5 Qb2+ 56. Kf7 Qh8 57. Qxa5+ Kb7 58. Qd5+ Kb6 59. c5+ Ka6 60. Qc6+ Ka7 61. Qd7+ Ka6 62. Qe6+ Ka7 63. Qe7+ Ka6 64. Qf6+ 1-0


[Site "https://www.chess.com"]

[Event "Titled Tuesday Blitz June 1 2021"]
[White "Demchenko, Anton"]
[Black "Garcia Ramos, Daniel"]
[WhiteFideId "4160258"]
[BlackFideId "32010311"]
[WhiteElo "2593"]
[BlackElo "2334"]
[Result "0-1"]
[Round "02"]
[TimeControl "180+1"]
[Date "2021.06.01"]
[WhiteClock "0:00:04"]
[BlackClock "0:00:08"]

1. e4 c6 2. d4 d5 3. e5 c5 4. dxc5 e6 5. Qg4 h5 6. Qf4 Bxc5 7. Bd3 Nc6 8. Nf3 Nh6 9. Be3 Bxe3 10. fxe3 Qb6 11. Nbd2 Ng4 12. Ke2 Qc7 13. Rhf1 Ngxe5 14. Nxe5 Nxe5 15. Nf3 f6 16. Bg6+ Ke7 17. Nxe5 Qxe5 18. Qxe5 fxe5 19. Rf7+ Kd6 20. Rxg7 Bd7 21. Rf1 Rag8 22. Rff7 Be8 23. Rxb7 Bxg6 24. Rgd7+ Kc6 25. Rbc7+ Kb6 26. Rb7+ Kc6 27. Kd2 Be4 28. g3 Rb8 29. Rbc7+ Kb6 30. Rxa7 Rhf8 31. c4 Rf2+ 32. Ke1 Rxb2 33. Rdc7 d4 34. exd4 exd4 35. a4 Rb7 36. Raxb7+ Bxb7 37. Re7 d3 38. Kd1 Bf3+ 39. Kc1 d2+ 40. Kxb2 d1=Q 41. Rxe6+ Kc5 42. Ra6 Kxc4 43. Rb6 Qd4+ 44. Ka3 Qxb6 45. h3 Qb3# 0-1


[Site "https://www.chess.com"]

[Event "Titled Tuesday Blitz June 1 2021"]
[White "Enchev, Ivajlo"]
[Black "Fedoseev, Vladimir"]
[WhiteFideId "2907712"]
[BlackFideId "24130737"]
[WhiteElo "2452"]
[BlackElo "2756"]
[Result "0-1"]
[Round "02"]
[TimeControl "180+1"]
[Date "2021.06.01"]
[WhiteClock "0:00:39"]
[BlackClock "0:01:16"]

1. d4 Nf6 2. c4 g6 3. Nc3 Bg7 4. e4 d6 5. f3 O-O 6. Nge2 c5 7. d5 e6 8. Ng3 exd5 9. cxd5 h5 10. Be2 Nbd7 11. O-O a6 12. a4 h4 13. Nh1 Nh5 14. Be3 f5 15. f4 fxe4 16. Bxh5 gxh5 17. Qxh5 Nf6 18. Qxh4 Ng4 19. Qxd8 Rxd8 20. Bf2 e3 21. Bh4 Re8 22. Ne2 Bf5 23. Nhg3 Bd3 24. Rad1 c4 25. h3 Nf2 26. Rxf2 exf2+ 27. Kxf2 Bxb2 28. f5 Re5 29. Nf4 Bd4+ 30. Kf3 Re3+ 31. Kg4 Kf7 32. Ne6 Rg8+ 33. Bg5 Be5 34. Nf1 Be2+ 0-1


[Site "https://www.chess.com"]

[Event "Titled Tuesday Blitz June 1 2021"]
[White "Enriquack"]
[Black "Shahaliyev, Ismayil"]
[BlackFideId "13406388"]
[WhiteElo "2486"]
[BlackElo "2105"]
[Result "0-1"]
[Round "02"]
[TimeControl "180+1"]
[Date "2021.06.01"]
[WhiteClock "0:00:32"]
[BlackClock "0:00:43"]

1. e4 d6 2. d4 Nf6 3. Nc3 e5 4. Nge2 exd4 5. Nxd4 Be7 6. g3 d5 7. e5 Ng4 8. e6 Nf6 9. exf7+ Kxf7 10. Bg2 c6 11. O-O Re8 12. b3 Bg4 13. Qd3 Nbd7 14. Bb2 Nc5 15. Qd2 Qd7 16. Rfe1 Bf8 17. Rac1 h6 18. h4 Bd6 19. Rxe8 Rxe8 20. Re1 Rxe1+ 21. Qxe1 Qe7 22. Qxe7+ Kxe7 23. Nce2 Bd7 24. f3 Kf7 25. Kf2 b5 26. a3 a5 27. Bf1 Na6 28. Nc1 Nc7 29. Bd3 g6 30. c4 Bc5 31. Kg2 b4 32. axb4 axb4 33. Bf1 Ne6 34. Nxe6 Bxe6 35. Nd3 Bd6 36. c5 Bf8 37. Bd4 Nd7 38. Kf2 Bf5 39. Ke3 Bxd3 40. Bxd3 Bxc5 41. Bc2 g5 42. hxg5 hxg5 43. Kd3 Bxd4 44. Kxd4 Ke6 45. f4 c5+ 46. Ke3 gxf4+ 47. gxf4 Nf6 48. Bd3 Kd6 49. Be2 d4+ 50. Kd3 Nd5 51. Ke4 Nc3+ 52. Kd3 Nxe2 53. Kxe2 Ke6 0-1


[Site "https://www.chess.com"]

[Event "Titled Tuesday Blitz June 1 2021"]
[White "Erdogdu, Mert"]
[Black "Grieve, Harry"]
[WhiteFideId "6301495"]
[BlackFideId "426520"]
[WhiteElo "2485"]
[BlackElo "2191"]
[Result "1-0"]
[Round "02"]
[TimeControl "180+1"]
[Date "2021.06.01"]
[WhiteClock "0:00:20"]
[BlackClock "0:00:02"]

1. e4 c5 2. Nf3 e6 3. d4 cxd4 4. Nxd4 Nc6 5. Nc3 Qc7 6. Be3 a6 7. Qf3 Nf6 8. O-O-O Ne5 9. Qg3 b5 10. f4 Neg4 11. e5 Nxe3 12. Qxe3 b4 13. exf6 bxc3 14. fxg7 Bxg7 15. Nf5 cxb2+ 16. Kb1 Bc3 17. Rd3 Bf6 18. Nd6+ Ke7 19. g4 Rb8 20. Bg2 Kf8 21. g5 Bg7 22. Rhd1 h6 23. h3 hxg5 24. fxg5 Rh4 25. Qf2 Kg8 26. Qxh4 a5 27. Qf2 Ba6 28. Qxf7+ Kh8 29. Qh5+ Kg8 30. Be4 Bxd3 31. Bxd3 Rb4 32. Qf7+ Kh8 33. Qxg7+ Kxg7 34. Ne8+ Kf8 35. Nxc7 1-0


[Site "https://www.chess.com"]

[Event "Titled Tuesday Blitz June 1 2021"]
[White "Eugene, Floryan"]
[Black "Gokerkan, Cem Kaan"]
[WhiteFideId "20694784"]
[BlackFideId "6336760"]
[WhiteElo "2516"]
[BlackElo "2361"]
[Result "0-1"]
[Round "02"]
[TimeControl "180+1"]
[Date "2021.06.01"]
[WhiteClock "0:00:36"]
[BlackClock "0:00:27"]

1. e4 c5 2. Nf3 d6 3. d4 cxd4 4. Nxd4 Nf6 5. Nc3 g6 6. Be3 Bg7 7. f3 a6 8. Qd2 h5 9. O-O-O Nbd7 10. Kb1 b5 11. Nd5 Bb7 12. c4 bxc4 13. Bxc4 Rc8 14. Rc1 O-O 15. Rhd1 e6 16. Nxf6+ Qxf6 17. Bb3 Nc5 18. Bg5 Nxb3 19. Nxb3 Qe5 20. Bf4 Qb5 21. Bxd6 Rxc1+ 22. Qxc1 Rc8 23. Qe3 a5 24. e5 Bd5 25. Nd4 Bxa2+ 26. Kxa2 Qa4+ 27. Qa3 Qxd1 28. Nb3 Qd5 29. Qa4 Bxe5 30. Ba3 Rb8 31. g4 hxg4 32. fxg4 Bxh2 33. Be7 Bd6 34. Bf6 Rb4 35. Qe8+ Bf8 0-1


[Site "https://www.chess.com"]

[Event "Titled Tuesday Blitz June 1 2021"]
[White "Ezat, Mohamed"]
[Black "Visakh N R"]
[WhiteFideId "10600906"]
[BlackFideId "25012223"]
[WhiteElo "2417"]
[BlackElo "2428"]
[Result "1/2-1/2"]
[Round "02"]
[TimeControl "180+1"]
[Date "2021.06.01"]
[WhiteClock "0:00:08"]
[BlackClock "0:01:00"]

1. d4 Nf6 2. c4 g6 3. Nc3 d5 4. Bg5 Bg7 5. Bxf6 Bxf6 6. cxd5 O-O 7. e3 Nd7 8. Bc4 Nb6 9. Bb3 c6 10. dxc6 bxc6 11. Nge2 Ba6 12. O-O Rc8 13. Re1 e6 14. Nf4 c5 15. dxc5 Bxc3 16. bxc3 Qxd1 17. Rexd1 Rxc5 18. Rac1 Rfc8 19. Nxe6 fxe6 20. Bxe6+ Kg7 21. Bxc8 Bxc8 22. Rd6 Kf7 23. e4 Be6 24. Rd2 Ra5 25. f3 Ra3 26. Rd4 Na4 27. c4 Nc3 28. Rd2 Bxc4 29. Kf2 Be6 30. Rb2 Kf6 31. Kg3 Nxe4+ 32. Kf4 Nc3 33. h4 h5 34. Kg3 Ne4+ 35. Kh2 Nc3 36. Rb3 Rxb3 37. axb3 Nb5 38. b4 Ke5 39. Rc5+ 1/2-1/2


[Site "https://www.chess.com"]

[Event "Titled Tuesday Blitz June 1 2021"]
[White "Farahat, Ali"]
[Black "Alavi, Sayed Javad"]
[WhiteFideId "10600507"]
[BlackFideId "12500607"]
[WhiteElo "2352"]
[BlackElo "2495"]
[Result "1/2-1/2"]
[Round "02"]
[TimeControl "180+1"]
[Date "2021.06.01"]
[WhiteClock "0:00:28"]
[BlackClock "0:00:15"]

1. e4 e5 2. Nf3 Nc6 3. Bb5 Nf6 4. Nc3 Bd6 5. O-O O-O 6. Re1 Re8 7. a3 a6 8. Bc4 h6 9. d3 Bc5 10. h3 d6 11. Ne2 Be6 12. Ng3 Qd7 13. c3 Ba7 14. Bxe6 fxe6 15. d4 exd4 16. cxd4 b5 17. Be3 d5 18. e5 Ne4 19. Rc1 Nxg3 20. fxg3 Ne7 21. Nd2 Nf5 22. Nb3 Rf8 23. Bf2 Qf7 24. Rf1 h5 25. Kh2 Rac8 26. Nc5 Bxc5 27. dxc5 Qg6 28. Qd3 c6 29. a4 Kh7 30. axb5 axb5 31. Ra1 Ra8 32. Rxa8 Rxa8 33. Qf3 Ra2 34. Qb3 Ra4 35. Qf3 Rb4 36. b3 Re4 37. Re1 Nd4 38. Qd1 Rxe1 39. Bxe1 Nf5 40. Bf2 Qg5 41. Qf3 Kg6 42. b4 Qd2 43. g4 hxg4 44. Qxg4+ Kf7 45. Qh5+ Kf8 46. Qh8+ Kf7 47. Qh5+ Kg8 48. Qe8+ Kh7 49. Qh5+ Qh6 50. Qf7 Qf4+ 51. Kg1 Qc1+ 52. Kh2 Qf4+ 53. Kg1 Qxe5 54. Qh5+ Kg8 55. Qe8+ Kh7 56. Qh5+ Kg8 57. Qe8+ Kh7 58. Qh5+ 1/2-1/2


[Site "https://www.chess.com"]

[Event "Titled Tuesday Blitz June 1 2021"]
[White "Fier, Alexandr"]
[Black "Garrido Outon, Alex"]
[WhiteFideId "2107139"]
[BlackFideId "24516279"]
[WhiteElo "2569"]
[BlackElo "2161"]
[Result "1-0"]
[Round "02"]
[TimeControl "180+1"]
[Date "2021.06.01"]
[WhiteClock "0:01:04"]
[BlackClock "0:00:17"]

1. d4 Nf6 2. c4 d6 3. Nc3 e5 4. e3 Nbd7 5. Bd3 Be7 6. Nge2 O-O 7. Qc2 h6 8. O-O c6 9. b4 Qc7 10. Rb1 Re8 11. b5 Bf8 12. bxc6 bxc6 13. Bd2 Bb7 14. Rb2 Rab8 15. Rfb1 Ba8 16. f3 exd4 17. Nxd4 Nc5 18. Bf1 Rxb2 19. Rxb2 g6 20. Nb3 Nfd7 21. Rb1 Bg7 22. Re1 Bb7 23. e4 Ba6 24. Be3 Nxb3 25. axb3 Bb7 26. Bf2 c5 27. Rd1 Qb6 28. Nb5 Re6 29. Nc3 Ne5 30. b4 a6 31. bxc5 dxc5 32. Na4 Qc6 33. Nxc5 Re7 34. Nxb7 Rxb7 35. c5 Nd7 36. Rd6 Qc7 37. c6 Rb8 38. Rxd7 1-0


[Site "https://www.chess.com"]

[Event "Titled Tuesday Blitz June 1 2021"]
[White "Fries-Nielsen, Jens Ove"]
[Black "Donchenko, Alexander"]
[WhiteFideId "1400142"]
[BlackFideId "24603295"]
[WhiteElo "2523"]
[BlackElo "2553"]
[Result "0-1"]
[Round "02"]
[TimeControl "180+1"]
[Date "2021.06.01"]
[WhiteClock "0:00:47"]
[BlackClock "0:00:39"]

1. d4 Nf6 2. Nc3 d5 3. Bf4 a6 4. e4 dxe4 5. f3 Bf5 6. fxe4 Nxe4 7. Bd3 Nxc3 8. bxc3 Bxd3 9. Qxd3 e6 10. Rb1 Bd6 11. Ne2 b6 12. Qe4 Nd7 13. O-O O-O 14. Ng3 Nf6 15. Qd3 c5 16. Bxd6 Qxd6 17. Rxf6 gxf6 18. Ne4 Qd8 19. Qg3+ Kh8 20. Qh4 Rg8 21. Nxf6 Rg7 22. Rf1 cxd4 23. cxd4 Rc8 24. Qe4 Rc4 25. c3 Rxc3 26. Rf4 Qc7 27. Rh4 Rc1+ 28. Kf2 Rc2+ 29. Kf1 Qc4+ 30. Ke1 Qc3+ 31. Kf1 Qa1+ 0-1


[Site "https://www.chess.com"]

[Event "Titled Tuesday Blitz June 1 2021"]
[White "Golubev, Mikhail"]
[Black "Krivonosov, Oleg"]
[WhiteFideId "14100983"]
[BlackFideId "11600349"]
[WhiteElo "2374"]
[BlackElo "2469"]
[Result "0-1"]
[Round "02"]
[TimeControl "180+1"]
[Date "2021.06.01"]
[WhiteClock "0:00:04"]
[BlackClock "0:00:31"]

1. e4 e5 2. Nf3 Nc6 3. Bb5 Nf6 4. O-O Nxe4 5. Re1 Nd6 6. Bf1 Be7 7. Nc3 O-O 8. d4 e4 9. Nxe4 Nxe4 10. Rxe4 d5 11. Re1 Bf5 12. Bb5 Bd6 13. Bg5 Qd7 14. Ne5 Bxe5 15. dxe5 a6 16. Ba4 h6 17. Bf4 Rad8 18. Qd2 Rfe8 19. Rad1 b5 20. Bb3 Ne7 21. Qc3 c6 22. h3 Ng6 23. Bg3 h5 24. a4 h4 25. Bh2 Be6 26. Qc5 Ne7 27. Kh1 Nf5 28. c3 Rc8 29. Bc2 Qe7 30. Qxe7 Nxe7 31. Bf4 Bf5 32. Bb3 Ng6 33. Bg5 Nxe5 34. Bxh4 Nd3 35. Rxe8+ Rxe8 36. Bc2 Nxf2+ 37. Bxf2 Bxc2 38. Re1 Rxe1+ 39. Bxe1 Bxa4 40. Bf2 f6 41. Bc5 Kf7 42. Kg1 Ke6 43. Kf2 Bc2 44. h4 Kf5 0-1


[Site "https://www.chess.com"]

[Event "Titled Tuesday Blitz June 1 2021"]
[White "Guzman Moneo, Alberto"]
[Black "Jarovinsky, Alexey"]
[WhiteFideId "2209616"]
[BlackFideId "14115131"]
[WhiteElo "2157"]
[BlackElo "2446"]
[Result "0-1"]
[Round "02"]
[TimeControl "180+1"]
[Date "2021.06.01"]
[WhiteClock "0:00:46"]
[BlackClock "0:00:17"]

1. e4 Nc6 2. Nf3 d6 3. d4 g6 4. h3 Bg7 5. c3 Nf6 6. Nbd2 O-O 7. Bb5 Bd7 8. O-O a6 9. Ba4 b5 10. Bc2 e5 11. dxe5 dxe5 12. Nb3 Qe7 13. Be3 Rfd8 14. Bc5 Qe8 15. Qe2 Nh5 16. Be3 Be6 17. Rad1 Bc4 18. Bd3 Rxd3 19. Rxd3 Nf4 20. Bxf4 exf4 21. Rfd1 b4 22. Nbd4 bxc3 23. Nxc6 Bxd3 24. Rxd3 cxb2 25. Rd1 Qxc6 26. e5 Rb8 27. Qd3 Qc1 28. e6 Qxd1+ 29. Qxd1 b1=Q 30. exf7+ Kxf7 31. Ng5+ Kg8 32. Qxb1 Rxb1+ 33. Kh2 Rb2 34. Ne6 c6 35. h4 Rxf2 36. Kh3 Rxa2 37. Nxf4 Be5 38. Ne6 Ra3+ 39. Kg4 Rg3# 0-1


[Site "https://www.chess.com"]

[Event "Titled Tuesday Blitz June 1 2021"]
[White "Hamitevici, Vladimir"]
[Black "Andreikin, Dmitry"]
[WhiteFideId "13902393"]
[BlackFideId "4158814"]
[WhiteElo "2359"]
[BlackElo "2782"]
[Result "0-1"]
[Round "02"]
[TimeControl "180+1"]
[Date "2021.06.01"]
[WhiteClock "0:00:03"]
[BlackClock "0:00:46"]

1. d4 d5 2. c4 c6 3. Nf3 Nf6 4. Qb3 e6 5. Bf4 Be7 6. Nbd2 O-O 7. h3 c5 8. dxc5 Na6 9. e3 Nxc5 10. Qc2 b6 11. Be2 Bb7 12. O-O Rc8 13. Rfd1 Qe8 14. Rac1 Nfe4 15. Nxe4 Nxe4 16. Nd4 Bf6 17. Bh2 Bh4 18. g3 Bf6 19. Qb3 Bxd4 20. Rxd4 Qc6 21. Bf3 Ng5 22. Qd1 Nxh3+ 23. Kf1 Ng5 24. Bg2 e5 25. Bxd5 Qd7 26. Qg4 Qxg4 27. Rxg4 Bxd5 28. Rxg5 f6 29. Rg4 Bf3 30. Rh4 g5 31. Rh3 g4 32. Rh4 Rfd8 33. b3 Rd2 0-1


[Site "https://www.chess.com"]

[Event "Titled Tuesday Blitz June 1 2021"]
[White "Heinemann, Josefine"]
[Black "Can, Emre"]
[WhiteFideId "12900460"]
[BlackFideId "6302181"]
[WhiteElo "2300"]
[BlackElo "2503"]
[Result "1-0"]
[Round "02"]
[TimeControl "180+1"]
[Date "2021.06.01"]
[WhiteClock "0:00:19"]
[BlackClock "0:00:20"]

1. Nf3 d5 2. g3 g6 3. Bg2 Bg7 4. d4 Nf6 5. O-O O-O 6. c4 c6 7. cxd5 cxd5 8. Ne5 e6 9. Nc3 Nbd7 10. Bf4 Nh5 11. Nxd7 Qxd7 12. Be3 b6 13. Rc1 Ba6 14. Qd2 Rfc8 15. Rc2 Nf6 16. Rfc1 Rc6 17. f3 Rac8 18. Nd1 Ne8 19. Rxc6 Rxc6 20. Kf2 Nd6 21. b3 Nf5 22. Rxc6 Qxc6 23. Bf1 e5 24. dxe5 Bxe5 25. Bf4 Qc5+ 26. Kg2 Bf6 27. Ne3 Nxe3+ 28. Bxe3 d4 29. Bf4 h5 30. h4 Qc3 31. Qxc3 dxc3 32. Bc1 Kf8 33. e4 Bb7 34. Bd3 Be5 35. f4 Bd4 36. Kf1 Ke7 37. Ke2 Bc6 38. Be3 Bg7 39. e5 Ke6 40. Bd4 Bf8 41. Bxc3 Bc5 42. Bd2 b5 43. Be3 Bxe3 44. Kxe3 a5 45. Kd4 b4 46. Kc5 Bf3 47. Kb5 Kd5 48. Kxa5 Kd4 49. Bc4 Kc3 50. Bxf7 Be4 51. e6 Bd5 52. Bxg6 Bxe6 53. Bxh5 Bf5 54. g4 Bb1 55. f5 Bxa2 56. Bf7 Bxb3 57. Bxb3 Kxb3 58. f6 Ka2 59. f7 b3 60. f8=Q b2 61. Qf2 1-0


[Site "https://www.chess.com"]

[Event "Titled Tuesday Blitz June 1 2021"]
[White "Holt, Conrad"]
[Black "Mortazavi, Ali"]
[WhiteFideId "2034387"]
[BlackFideId "401323"]
[WhiteElo "2586"]
[BlackElo "2339"]
[Result "1/2-1/2"]
[Round "02"]
[TimeControl "180+1"]
[Date "2021.06.01"]
[WhiteClock "0:00:03"]
[BlackClock "0:00:07"]

1. d4 Nf6 2. c4 g6 3. Nc3 Bg7 4. e4 O-O 5. Nf3 d6 6. h3 e5 7. dxe5 dxe5 8. Qxd8 Rxd8 9. Bg5 Na6 10. Nd5 Rd6 11. Bxf6 Bxf6 12. Rc1 c6 13. Nxf6+ Rxf6 14. c5 Nc7 15. Nxe5 Be6 16. Bc4 Re8 17. f3 Bxc4 18. Nxc4 Ne6 19. Ne3 Nf4 20. Rd1 Rfe6 21. g3 Nh5 22. g4 Ng3 23. Kf2 Nxh1+ 24. Rxh1 Rd8 25. Ke2 Rd4 26. Rc1 Re8 27. Nc4 Red8 28. b3 R8d7 29. g5 Kg7 30. h4 f6 31. Nd6 fxg5 32. hxg5 b6 33. Ne8+ Kf7 34. Nf6 Rd2+ 35. Ke1 R7d3 36. cxb6 axb6 37. Rxc6 Rxa2 38. Ng4 Rxb3 39. Ne5+ Ke7 40. Rc1 Ke6 41. Nc6 Re3+ 42. Kd1 Rd3+ 43. Ke1 Re3+ 44. Kd1 Rd3+ 45. Ke1 Re3+ 1/2-1/2


[Site "https://www.chess.com"]

[Event "Titled Tuesday Blitz June 1 2021"]
[White "Jakubowski, Krzysztof"]
[Black "Paravyan, David"]
[WhiteFideId "1112848"]
[BlackFideId "4194985"]
[WhiteElo "2462"]
[BlackElo "2562"]
[Result "0-1"]
[Round "02"]
[TimeControl "180+1"]
[Date "2021.06.01"]
[WhiteClock "0:00:03"]
[BlackClock "0:00:04"]

1. e4 c5 2. Nf3 e6 3. d4 cxd4 4. Nxd4 Be7 5. Nc3 a6 6. Bd3 d6 7. f4 Nf6 8. Qf3 O-O 9. Be3 Qc7 10. g4 b5 11. g5 Nfd7 12. h4 Bb7 13. h5 Nc5 14. a3 Nc6 15. O-O-O b4 16. axb4 Nxb4 17. g6 fxg6 18. hxg6 h6 19. Bc4 Bf6 20. Kb1 Rae8 21. f5 d5 22. exd5 Nd7 23. fxe6 Ne5 24. d6 Bxf3 25. dxc7 Nxc4 0-1


[Site "https://www.chess.com"]

[Event "Titled Tuesday Blitz June 1 2021"]
[White "Kamsky, Gata"]
[Black "Krishna Teja, N"]
[WhiteFideId "2000024"]
[BlackFideId "5001498"]
[WhiteElo "2644"]
[BlackElo "2278"]
[Result "1/2-1/2"]
[Round "02"]
[TimeControl "180+1"]
[Date "2021.06.01"]
[WhiteClock "0:00:21"]
[BlackClock "0:00:20"]

1. d4 d5 2. Nf3 Nf6 3. Bf4 e6 4. e3 Bd6 5. Ne5 Nfd7 6. Nd2 O-O 7. Bd3 Bxe5 8. Bxe5 Nxe5 9. dxe5 c5 10. c3 Nc6 11. f4 f5 12. Qe2 c4 13. Bc2 b5 14. a3 a5 15. O-O Bd7 16. b4 axb4 17. axb4 Qb6 18. Qf2 Qb7 19. Nf3 Rxa1 20. Rxa1 Ra8 21. Qe1 Ra6 22. Qc1 Qa7 23. Rxa6 Qxa6 24. Qb2 Be8 25. h3 Bh5 26. Ng5 Nd8 27. g4 Bg6 28. gxf5 Bxf5 29. Bxf5 exf5 30. Qd2 Qc6 31. Kf2 Ne6 32. Nxe6 Qxe6 33. Qa2 Qc6 34. Qa7 h6 35. h4 Kh7 36. Qf7 Qg6 37. Qxd5 Qg4 38. Qh1 Qg6 39. Qg2 Qa6 40. Kg3 Qa1 41. Qd2 Qg1+ 42. Kf3 Qh1+ 43. Kg3 Qg1+ 44. Kf3 Qh1+ 45. Kg3 Qg1+ 1/2-1/2


[Site "https://www.chess.com"]

[Event "Titled Tuesday Blitz June 1 2021"]
[White "Kezin, Roman"]
[Black "Aldokhin, Ivan"]
[WhiteFideId "24124621"]
[BlackFideId "24115720"]
[WhiteElo "2574"]
[BlackElo "2306"]
[Result "1-0"]
[Round "02"]
[TimeControl "180+1"]
[Date "2021.06.01"]
[WhiteClock "0:00:30"]
[BlackClock "0:00:01"]

1. d4 Nf6 2. c4 g6 3. Nc3 Bg7 4. Nf3 d6 5. Bg5 O-O 6. e3 Nc6 7. Be2 e5 8. O-O h6 9. Bh4 exd4 10. exd4 g5 11. Bg3 Nh5 12. d5 Nxg3 13. fxg3 Ne7 14. Nd4 c5 15. Nc2 Nf5 16. Bg4 Nd4 17. Bxc8 Rxc8 18. Kh1 Qd7 19. Qd3 Rce8 20. Rf2 f5 21. Raf1 Nxc2 22. Qxc2 Re5 23. h3 a6 24. a4 g4 25. hxg4 fxg4 26. Rxf8+ Bxf8 27. Ne2 Qe8 28. Nf4 Bg7 29. Kg1 Re4 30. Qd1 Bd4+ 31. Kh2 Re5 32. Qxg4+ Rg5 33. Qf3 Qf7 34. b3 Kh8 35. g4 Be5 36. g3 Bd4 37. Kh3 Qe7 38. Ne6 Rg6 39. Qe4 1-0


[Site "https://www.chess.com"]

[Event "Titled Tuesday Blitz June 1 2021"]
[White "Khumalo, Keith"]
[Black "Iniyan, P"]
[WhiteFideId "14319470"]
[BlackFideId "25002767"]
[WhiteElo "1992"]
[BlackElo "2400"]
[Result "1/2-1/2"]
[Round "02"]
[TimeControl "180+1"]
[Date "2021.06.01"]
[WhiteClock "0:01:10"]
[BlackClock "0:00:15"]

1. d4 Nf6 2. c4 e6 3. Nf3 Bb4+ 4. Bd2 c5 5. Bxb4 cxb4 6. a3 bxa3 7. Nxa3 O-O 8. g3 b6 9. Bg2 Bb7 10. O-O d6 11. b4 a5 12. bxa5 Rxa5 13. Nb5 Rxa1 14. Qxa1 d5 15. Ne5 Nc6 16. Rd1 Qb8 17. e3 Rd8 18. cxd5 Nxd5 19. Nc4 Nce7 20. Rb1 Nf6 21. Qa7 Bxg2 22. Qxb8 Rxb8 23. Kxg2 Ned5 24. Nbd6 h5 25. e4 Nc3 26. Rxb6 Rxb6 27. Nxb6 Nfxe4 28. Nxe4 Nxe4 29. Kf3 f5 30. h4 Kf7 31. Ke3 Kf6 32. Nd7+ Ke7 33. Ne5 Nf6 34. Ng6+ Kd6 35. Kd3 Nd5 36. Ne5 Nb4+ 37. Kc3 Nc6 38. Ng6 Ne7 39. Ne5 Kd5 40. Kd3 Nc6 41. Ng6 Nb4+ 42. Kc3 Na2+ 43. Kd3 Nc1+ 44. Ke3 Kd6 45. Nf4 e5 46. dxe5+ Kxe5 47. Nxh5 g6 48. Nf4 Kf6 49. Nd5+ Ke5 50. Nf4 Kf6 51. Nd3 Nb3 52. f4 Na5 53. Ne5 Nb3 54. Kf3 Nc5 55. g4 fxg4+ 56. Kxg4 Ne6 57. Nd7+ Ke7 58. Ne5 Kf6 59. Nf3 Ng7 60. Ng5 Nf5 61. Ne4+ Kg7 62. Kg5 Nd4 63. h5 Ne6+ 64. Kg4 gxh5+ 65. Kxh5 Nxf4+ 1/2-1/2


[Site "https://www.chess.com"]

[Event "Titled Tuesday Blitz June 1 2021"]
[White "Kjartansson, Gudmundur"]
[Black "Hess, Robert"]
[WhiteFideId "2301318"]
[BlackFideId "2022036"]
[WhiteElo "2329"]
[BlackElo "2557"]
[Result "0-1"]
[Round "02"]
[TimeControl "180+1"]
[Date "2021.06.01"]
[WhiteClock "0:00:01"]
[BlackClock "0:01:04"]

1. d4 g6 2. e4 Bg7 3. Nc3 a6 4. Be3 b5 5. f4 Bb7 6. Bd3 Nf6 7. Nf3 b4 8. Na4 Nxe4 9. c4 bxc3 10. bxc3 O-O 11. Qb1 Nd6 12. O-O Bd5 13. Nd2 Nc6 14. c4 Rb8 15. Qd1 Be6 16. d5 Bf5 17. Be2 Nd4 18. g4 Bc2 19. Qe1 Bxa4 20. Kh1 Nc2 21. Qf2 Nxa1 22. f5 Nc2 23. g5 Nxf5 24. Bc5 d6 25. Ba7 Rb2 26. Bd3 Bd4 27. Bxd4 Ncxd4 28. h4 Rxd2 29. Qxd2 Ng3+ 30. Kg2 Nxf1 31. Kxf1 e5 0-1


[Site "https://www.chess.com"]

[Event "Titled Tuesday Blitz June 1 2021"]
[White "Kosteniuk, Alexandra"]
[Black "Ognean, Mihnea-Ionut"]
[WhiteFideId "4128125"]
[BlackFideId "1232347"]
[WhiteElo "2521"]
[BlackElo "2012"]
[Result "1-0"]
[Round "02"]
[TimeControl "180+1"]
[Date "2021.06.01"]
[WhiteClock "0:02:16"]
[BlackClock "0:01:09"]

1. Nf3 c5 2. g3 Nc6 3. Bg2 g6 4. O-O Bg7 5. c4 e6 6. Nc3 Nge7 7. b3 O-O 8. Bb2 b6 9. e3 Bb7 10. d4 cxd4 11. Nxd4 Qc8 12. Ndb5 Qb8 13. Nd6 Nf5 14. Nxb7 Qxb7 15. Qe2 Rfd8 16. Rad1 a6 17. Ne4 e5 18. g4 Nh4 19. Nd6 Qc7 20. Bd5 Rf8 21. f4 Nb4 22. Bxa8 Rxa8 23. Qf2 1-0


[Site "https://www.chess.com"]